 Dungeon Crawl Stone Soup version 0.22.1-2-g9c5b331 (webtiles) character file.

1848 Lilu the Zephyrmancer (level 9, -1/49 (50) HPs)
             Began as a Tengu Air Elementalist on Nov 15, 2018.
             Was a Believer of Qazlal.
             Killed by nerve-wracking pain
             ... invoked by ThyNameIsHubris's ghost
              (11 damage)
             ... on level 7 of the Dungeon.
             The game lasted 00:31:15 (9132 turns).

Lilu the Zephyrmancer (Tengu Air Elementalist)      Turns: 9132, Time: 00:31:16

HP:   -1/49 (50)    AC:  8    Str:  9    XL:     9   Next: 12%
MP:   2/19          EV: 25    Int: 19    God:    Qazlal [**....]
Gold: 319           SH:  2    Dex: 14    Spells: 9/20 levels left

rFire    . . .     SeeInvis .   r - staff of conjuration
rCold    . . .     Gourm    .   (no shield)
rNeg     . . .     Faith    .   j - +0 ring mail
rPois    .         Spirit   .   (helmet restricted)
rElec    .         Reflect  .   I - +1 cloak
rCorr    .         Harm     .   D - +0 pair of gloves
MR       .....                  (boots unavailable)
Stlth    +.........             y - amulet of the acrobat
HPRegen  0.16/turn              (no ring)
MPRegen  0.16/turn              (no ring)

@: very slightly contaminated
A: beak, talons 3, able to fly 1
a: Fly, Upheaval, Renounce Religion


You were on level 7 of the Dungeon.
You worshipped Qazlal.
Qazlal was pleased with you.
You were not hungry.

You visited 1 branch of the dungeon, and saw 7 of its levels.

You collected 319 gold pieces.

Inventory:

Hand Weapons
 G - the +7 flail "Vileu" {crush, rC++ Int+2 Dex+5}
   (You found it on level 7 of the Dungeon)

   It inflicts extra damage upon your enemies.
   It affects your intelligence (+2).
   It affects your dexterity (+5).
   It greatly protects you from cold.
Armour
 a - a +0 robe
 j - a +0 ring mail (worn)
 w - a +0 shield
 D - a +0 pair of gloves (worn)
 I - a +1 cloak (worn)
Magical Staves
 l - an uncursed staff of poison
 r - an uncursed staff of conjuration (weapon)
Jewellery
 k - an uncursed amulet of guardian spirit
 y - an amulet of the acrobat (around neck)
 B - an uncursed amulet of the gourmand
Wands
 s - a wand of polymorph (18)
 z - a wand of enslavement (11)
 F - a wand of disintegration (14)
Scrolls
 d - 5 scrolls of teleportation {unknown}
 f - 4 scrolls of identify {unknown}
 i - a scroll of fog {unknown}
 m - 4 scrolls of remove curse
 o - 2 scrolls of magic mapping {unknown}
 q - a scroll of enchant armour {unknown}
 v - a scroll of amnesia {unknown}
 A - a scroll of vulnerability {unknown}
 C - a scroll of random uselessness {unknown}
Potions
 b - a potion of agility {unknown}
 e - 2 potions of flight {unknown}
 g - a potion of lignification {unknown}
 h - a potion of mutation {unknown}
 n - 6 potions of curing
 p - 2 potions of invisibility {unknown}
 t - a potion of haste
 u - 2 potions of brilliance {unknown}
 E - 2 potions of heal wounds {unknown}
Comestibles
 c - 11 rations
 H - 6 chunks of flesh


   Skills:
 + Level 3.0 Fighting
 - Level 2.1 Dodging
 - Level 2.0 Stealth
 * Level 6.1 Spellcasting
 + Level 8.4 Conjurations
 + Level 9.2 Air Magic


You had 9 spell levels left.
You knew the following spells:

 Your Spells              Type           Power        Failure   Level  Hunger
a - Shock                 Conj/Air       ####         1%          1    None
b - Swiftness             Chrm/Air       ###.....     7%          2    None
c - Static Discharge      Conj/Air       ######..     2%          3    ##.....
d - Lightning Bolt        Conj/Air       ######....   22%         5    #####..

Your spell library contained the following spells:

 Spells                   Type           Power        Failure   Level  Hunger
 Airstrike                Air            #####.....   7%          4    ####...


Dungeon Overview and Level Annotations

Branches:
Dungeon (7/15)             Temple (0/1) D:6

Altars:
Cheibriados
Gozag
Makhleb
Qazlal
Sif Muna

Annotations:
D:7 ThyNameIsHubris's ghost, novice DDNe


Innate Abilities, Weirdness & Mutations

You have a beak for a mouth.
You have claws for feet.
You can fly.


Message History

You feel a surge of power!
ThyNameIsHubris's ghost is struck by lightning.
ThyNameIsHubris's ghost is severely damaged.
The lightning arcs!
You are struck by lightning.
The lightning arcs!
ThyNameIsHubris's ghost is struck by lightning.
ThyNameIsHubris's ghost is severely damaged.
The lightning arcs!
You are struck by lightning.
The lightning arcs!
ThyNameIsHubris's ghost is struck by lightning.
ThyNameIsHubris's ghost is almost destroyed.
The lightning grounds out.
ThyNameIsHubris's ghost hits you but does no damage.
ThyNameIsHubris's ghost points at you and mumbles some strange words.
Pain shoots through your body!
* * * LOW HITPOINT WARNING * * *
ThyNameIsHubris's ghost gestures at you while chanting.
Pain shoots through your body!
* * * LOW HITPOINT WARNING * * *
ThyNameIsHubris's ghost casts a spell at you.
Pain shoots through your body!
You die...

#.........##⌠##.............##
##........##...##............##
#........##..!..##.............
##......#.#⌠..♣...'...........##
#.......#.##..%..##W............
#.......#..##...##............##
#...........##⌠##..§..........'.
##......###..###..##..........##
#......# ##...@.###..........#
#......# ####### ############
#......# #......# #......#
#......# #......# ########


You could see ThyNameIsHubris's ghost.

Vanquished Creatures
  Grinder (D:4)
  Prince Ribbit (D:7)
  A blink frog (D:5)
  2 phantoms (D:4)
  A necrophage (D:7)
  An ogre (D:4)
  2 bullfrogs
  A scorpion (D:5)
  A crimson imp (D:6)
  2 hounds
  3 jellies (D:6)
  Crazy Yiuf (D:7)
  2 orc priests
  A bullfrog skeleton (D:5)
  2 centaur skeletons
  Terence (D:2)
  A gnoll shaman (D:4)
  2 iguanas
  2 worker ants
  7 gnolls (D:4)
  5 adders
  2 shadow imps
  2 adder skeletons
  2 worms (D:4)
  5 leopard geckos
  12 orcs
  A ball python (D:4)
  2 giant cockroaches (D:1)
  7 goblins
  3 hobgoblins
  13 jackals
  7 kobolds
  4 quokkas
  A ball python skeleton (D:5)
  9 bats
  2 frilled lizards
  A giant cockroach zombie (D:6)
  14 rats
127 creatures vanquished.

Notes
Turn   | Place    | Note
-------+----------+-------------------------------------------
     0 | D:1      | Lilu the Tengu Air Elementalist began the quest for the
                  | Orb.
     0 | D:1      | Reached XP level 1. HP: 10/10 MP: 4/4
   240 | D:1      | Reached XP level 2. HP: 15/15 MP: 4/6
   321 | D:1      | Found a snail-covered altar of Cheibriados.
  1190 | D:1      | Reached XP level 3. HP: 19/19 MP: 4/7
  1643 | D:2      | Found an opulent altar of Gozag.
  1841 | D:2      | Noticed Terence
  1868 | D:2      | Killed Terence
  1868 | D:2      | Reached XP level 4. HP: 17/24 MP: 0/9
  2433 | D:3      | Reached skill level 5 in Air Magic
  2487 | D:3      | Found a stormy altar of Qazlal.
  2497 | D:3      | Became a worshipper of Qazlal Stormbringer
  2701 | D:3      | Noticed a bullfrog
  2709 | D:3      | Killed a bullfrog
  2709 | D:3      | Gained mutation: You can fly. [Tengu growth]
  2709 | D:3      | Reached XP level 5. HP: 14/28 MP: 2/10
  3119 | D:3      | Learned a level 2 spell: Swiftness
  3123 | D:3      | Learned a level 3 spell: Static Discharge
  3661 | D:4      | Reached * piety under Qazlal
  3661 | D:4      | Reached XP level 6. HP: 29/32 MP: 6/12
  3730 | D:4      | Noticed a phantom
  3745 | D:4      | Reached skill level 6 in Air Magic
  3901 | D:4      | Noticed a phantom
  3926 | D:4      | Killed a phantom
  3926 | D:4      | Reached skill level 5 in Conjurations
  4131 | D:4      | Reached XP level 7. HP: 33/36 MP: 9/14
  4379 | D:4      | Reached skill level 7 in Air Magic
  4870 | D:4      | Noticed Grinder
  4884 | D:4      | Killed Grinder
  4884 | D:4      | Reached skill level 8 in Air Magic
  5175 | D:5      | Entered Level 5 of the Dungeon
  5180 | D:5      | Reached XP level 8. HP: 42/42 MP: 9/15
  5225 | D:5      | Learned a level 5 spell: Lightning Bolt
  5260 | D:5      | Noticed an orb spider
  5260 | D:5      | a sky beast changed into an orb spider
  5261 | D:5      | Noticed a polar bear
  5261 | D:5      | an orb spider changed into a polar bear
  5262 | D:5      | Noticed a blink frog
  5262 | D:5      | a polar bear changed into a blink frog
  5474 | D:5      | Killed a blink frog
  5474 | D:5      | Reached skill level 1 in Fighting
  5871 | D:5      | Found a burning altar of Makhleb.
  6782 | D:6      | Found a deep blue altar of Sif Muna.
  6789 | D:6      | Reached skill level 5 in Spellcasting
  6837 | D:6      | Reached ** piety under Qazlal
  7012 | D:6      | Found a staircase to the Ecumenical Temple.
  8061 | D:7      | Noticed Prince Ribbit
  8080 | D:7      | Killed Prince Ribbit
  8080 | D:7      | Reached skill level 9 in Air Magic
  8080 | D:7      | Reached XP level 9. HP: 44/48 MP: 8/18
  8161 | D:7      | Found a runed door.
  8164 | D:7      | Noticed ThyNameIsHubris's ghost (novice DDNe)
  8361 | D:7      | Found a runed door.
  8434 | D:7      | Got a crude flail
  8435 | D:7      | Identified the +7 flail "Vileu" {crush, rC++ Int+2 Dex+5}
                  | (You found it on level 7 of the Dungeon)
  8885 | D:7      | Noticed Crazy Yiuf
  8886 | D:7      | Killed Crazy Yiuf
  9132 | D:7      | Killed from afar by ThyNameIsHubris's ghost

Skill      XL: |  1  2  3  4  5  6  7  8  9 |
---------------+----------------------------+-----
Conjurations   | 2 3 4 5 7 8 |  8.4
Air Magic      | 5 6 8 9 |  9.2
Spellcasting   | 3 4 5 6 |  6.1
Fighting       | 2 3 |  3.0
Dodging        | |  2.1
Stealth        | |  2.0

Action                   |  1- 3 |  4- 6 |  7- 9 || total
-------------------------+-------+-------+-------++-------
Melee: Staff             |       |       |     2 ||     2
       Kick              |       |       |     1 ||     1
 Cast: Shock             |    70 |    87 |   116 ||   273
       Static Discharge  |       |     4 |    38 ||    42
       Swiftness         |       |       |     1 ||     1
       Lightning Bolt    |       |       |     5 ||     5
Evoke: Wand              |       |       |     9 ||     9
  Use: Scroll            |       |       |     2 ||     2
  Eat: Chunk             |     4 |     7 |     9 ||    20
       Ration            |       |       |     3 ||     3
Armor: Robe              |    16 |     4 |     4 ||    24
       Ring mail         |       |       |     3 ||     3
Dodge: Dodged            |    36 |    25 |    29 ||    90
Block: Other             |       |       |     2 ||     2
